 Dungeon Crawl Stone Soup version 0.24.1-14-gf8d2b509d9 (webtiles) character file.

Game seed: 16562312988811109659, levelgen mode: deterministic

1446 Peloso the Slasher (level 9, -3/68 HPs)
             Began as a Formicid Fighter on June 2, 2020.
             Was an Initiate of Okawaru.
             Splashed by a jelly's acid (8 damage)
             ... on level 6 of the Dungeon.
             The game lasted 00:11:35 (6203 turns).

Peloso the Slasher (Formicid Fighter)               Turns: 6203, Time: 00:11:37

Health: -3/68      AC:  1    Str: 22    XL:     9   Next: 4%
Magic:  9/9        EV:  8    Int:  8    God:    Okawaru [......]
Gold:   237        SH: 12    Dex: 12    Spells: 8/8 levels left

rFire    . . .     SeeInvis +   a - +0 long sword
rCold    . . .     Gourm    .   c - +1 shield
rNeg     . . .     Faith    .   q - +0 chain mail
rPois    +         Spirit   .   (helmet unavailable)
rElec    .         Reflect  .   (no cloak)
rCorr    .         Harm     .   (no gloves)
MR       .....                  (no boots)
Stlth    ..........             (no amulet)
HPRegen  0.21/turn              k - ring of poison resistance
MPRegen  0.11/turn              (no ring)

@: corroded
A: permanent stasis, dig shafts and tunnels, four strong arms, antennae 3
a: Dig, Shaft Self, Renounce Religion


You were on level 6 of the Dungeon.
You worshipped Okawaru.
Okawaru was noncommittal.
You were not hungry.

You visited 2 branches of the dungeon, and saw 7 of its levels.
You also visited: Sewer.

You collected 237 gold pieces.

Inventory:

Hand Weapons
 a - a +0 long sword (weapon)
 b - a +2 whip of venom
Armour
 c - a +1 shield (worn)
 i - a +0 scale mail
 q - a +0 chain mail (worn)
Jewellery
 k - a ring of poison resistance (left hand)
Wands
 e - a wand of random effects (38)
 n - a wand of disintegration (6)
 p - a wand of digging (6)
Scrolls
 g - a scroll of enchant weapon {unknown}
 h - 2 scrolls of identify
 l - a scroll of fog
 o - a scroll of random uselessness {unknown}
 s - 3 scrolls of noise {unknown}
 u - a scroll of blinking {unknown}
 v - a scroll of remove curse
Potions
 d - 3 potions of might
 j - 2 potions of flight
 m - 2 potions of heal wounds
 r - a potion of ambrosia {unknown}
 t - 2 potions of degeneration {unknown}
Comestibles
 f - 8 rations


   Skills:
 + Level 5.6 Fighting
 + Level 7.0 Long Blades
 + Level 5.4 Armour
 + Level 2.0 Dodging
 + Level 0.3 Stealth
 + Level 6.8 Shields
 + Level 0.6 Evocations


You had 8 spell levels left.
You didn't know any spells.
Your spell library contained the following spells:

 Spells                   Type           Power        Failure   Level  Hunger
 Summon Small Mammal      Summ           #...         99%         1    ##.....
 Call Imp                 Summ           #.......     100%        2    ###....
 Call Canine Familiar     Summ           #.......     100%        3    ####...
 Summon Guardian Golem    Hex/Summ       #.......     100%        3    ####...
 Summon Ice Beast         Ice/Summ       #.......     100%        4    #####..
 Summon Lightning Spire   Summ/Air       #.......     100%        4    #####..


Dungeon Overview and Level Annotations

Branches:
Dungeon (6/15)             Temple (1/1) D:5           Sewer (visited)

Altars:
Ashenzari
Cheibriados
Dithmenos
Nemelex Xobeh
Okawaru
Ru
Sif Muna
Trog
Wu Jian

Annotations:
D:6 3 runed translucent doors


Innate Abilities, Weirdness & Mutations

You cannot be hasted, slowed, berserked, paralysed or teleported.
You can dig through walls and to a lower floor.
Your four strong arms can wield two-handed weapons with a shield.
You have a pair of large antennae on your head. (SInv)


Message History

You hit the jelly.
Your hands burn!
The jelly is moderately wounded.
The jelly closely misses you.
You slash the jelly!
Your hands burn!
The jelly is severely wounded.
The jelly hits you.
* * * LOW HITPOINT WARNING * * *
The acid corrodes you!
You are splashed with acid.
* * * LOW HITPOINT WARNING * * *
You hit the jelly. The acid corrodes you!
Your hands burn!
* * * LOW HITPOINT WARNING * * *
The jelly is almost dead.
The jelly barely misses you.
You hit the jelly.
Your hands burn!
* * * LOW HITPOINT WARNING * * *
The jelly is almost dead.
The jelly hits you.
* * * LOW HITPOINT WARNING * * *
The acid corrodes you!
You are splashed with acid!
You die...

##.## ####.#.###.. #.#
#.......##.# #.#
#.##.....#.# ##+#
#.#........# ##...##
#........... ##.....##
#.#.......#. ##.......##
#.#......##.
#.........###.......###.
......J@..†.............
#.........###....#.##.##
##.......## #.#.##.##.##
##.....## #.# ##.##.##
##...## #.# #..##.# ##.#
#.# #.###.# #. #.# #.#
#.# #. #.###.###.#
#.........#


You could see a jelly.

Vanquished Creatures
  Eustachio (D:5)
  An ice beast (D:6)
  3 ogres
  A centaur (D:4)
  A big kobold (Sewer)
  A bullfrog (D:5)
  A scorpion (D:4)
  2 crimson imps (D:5)
  A jelly (D:5)
  2 orc priests (D:4)
  A hound (D:6)
  Jessica (D:3)
  A bullfrog skeleton (D:5)
  3 iguanas
  3 orc wizards
  2 worker ants
  3 gnolls (D:6)
  7 adders
  A river rat (Sewer)
  A shadow imp (D:5)
  3 worms
  2 dart slugs
  4 leopard geckos
  20 orcs
  3 ball pythons
  6 giant cockroaches
  10 hobgoblins
  10 jackals
  3 quokkas
  7 bats
  7 frilled lizards
  3 goblins
  13 kobolds
  A leopard gecko zombie (D:5)
  10 rats
139 creatures vanquished.

Notes
Turn   | Place    | Note
-------+----------+-------------------------------------------
     0 | D:1      | Peloso the Formicid Fighter began the quest for the Orb.
     0 | D:1      | Reached XP level 1. HP: 18/18 MP: 1/1
    79 | D:1      | Reached XP level 2. HP: 21/24 MP: 2/2
   534 | D:1      | Reached XP level 3. HP: 30/30 MP: 3/3
  1042 | D:2      | Reached XP level 4. HP: 29/37 MP: 4/4
  1179 | D:2      | Reached skill level 3 in Long Blades
  1251 | D:2      | Found a sparkling altar of Nemelex Xobeh.
  2028 | D:3      | Noticed Jessica
  2052 | D:3      | Killed Jessica
  2052 | D:3      | Reached XP level 5. HP: 30/42 MP: 5/5
  2633 | D:4      | Reached skill level 4 in Long Blades
  2633 | D:4      | Reached XP level 6. HP: 20/49 MP: 6/6
  2855 | D:4      | Found a glowing drain.
  2897 | Sewer    | Entered a sewer
  3049 | Sewer    | Reached skill level 5 in Long Blades
  3049 | Sewer    | Reached skill level 5 in Shields
  3049 | Sewer    | Reached XP level 7. HP: 52/55 MP: 7/7
  3087 | Sewer    | Found a glowing silver altar of Zin.
  4154 | D:5      | Entered Level 5 of the Dungeon
  4254 | D:5      | Reached skill level 1 in Dodging
  4270 | D:5      | Reached XP level 8. HP: 53/61 MP: 8/8
  4313 | D:5      | Reached skill level 5 in Fighting
  4559 | D:5      | Reached skill level 5 in Armour
  4685 | D:5      | Reached skill level 6 in Long Blades
  4879 | D:5      | Noticed Eustachio
  4935 | D:5      | Killed Eustachio
  5061 | D:5      | Found a staircase to the Ecumenical Temple.
  5067 | Temple   | Entered the Ecumenical Temple
  5073 | Temple   | Became a worshipper of Warmaster Okawaru
  5849 | D:6      | Reached XP level 9. HP: 36/68 MP: 9/9
  6061 | D:6      | Found a runed translucent gate.
  6061 | D:6      | Found a runed translucent gate.
  6061 | D:6      | Found a runed translucent gate.
  6190 | D:6      | Reached skill level 7 in Long Blades
  6203 | D:6      | Splashed by a jelly's acid

Levels and vault maps discovered:
D:1:      scummos_arrival_hexagon, layout_loops_corners
D:2:      layout_basic, nemelex_xobeh_ov_fountains_minmay
D:3:      layout_rooms, serial_bayou_lagoon_a, minmay_crystal_water,
          grunt_ministairs_5, uniq_jessica
D:4:      cheibrodos_pilgrimage, layout_basic, portal_sewer_entry_a,
          roderic_lattice_a
D:5:      minmay_general_purpose_star, layout_basic, minmay_temple_entry_hall,
          first_ration, serial_bayou_pond_a, uniq_eustachio
D:6:      layout_loops_corners, gammafunk_ghost_icy
Temple:   eino_narrow_crystal_temple

Skill      XL: |  1  2  3  4  5  6  7  8  9 |
---------------+----------------------------+-----
Shields        | 4 5 6 |  6.8
Long Blades    | 3 4 5 6 7 |  7.0
Fighting       | 4 5 |  5.6
Armour         | 4 5 |  5.4
Dodging        | 1 2 |  2.0
Stealth        | |  0.3
Evocations     | |  0.6

Action                   |  1- 3 |  4- 6 |  7- 9 || total
-------------------------+-------+-------+-------++-------
Melee: Long sword        |    82 |   228 |   340 ||   650
 Abil: Dig               |       |     2 |       ||     2
Evoke: Wand              |       |       |     7 ||     7
  Use: Potion            |     1 |     4 |     1 ||     6
       Scroll            |       |     4 |     2 ||     6
  Eat: Chunk             |       |     7 |     9 ||    16
       Ration            |       |       |     1 ||     1
Armor: Scale mail        |    35 |    25 |       ||    60
       Chain mail        |       |    63 |   128 ||   191
Dodge: Dodged            |    29 |    76 |   102 ||   207
Block: Shield            |    42 |   150 |   222 ||   414
       Rpst.: Long sword |    14 |    18 |    29 ||    61
